[Event "Early-Titled-Tuesday-Blitz-February-06-2024"]
[Site "Chess.com"]
[Date "2024.02.06"]
[Round "9"]
[White "deribas12345"]
[Black "ChessQueen"]
[Result "1-0"]
[WhiteElo "2543"]
[BlackElo "2679"]
[TimeControl "180+1"]
[EndTime "9:44:28 PST"]
[Termination "deribas12345 won by resignation"]

1. d4 f5 2. g3 Nf6 3. Bg2 g6 4.
h4 e6 5. Nf3 Bg7 6. h5 Nxh5 7. Rxh5 gxh5 8. Bg5 Bf6 9. Bh6 Qe7 10.
Nc3 d5 11. Qd2 Nc6 12. Bf4 a6 13. O-O-O b5 14. Rh1 Bb7 15. Rxh5 O-O-O 16. e3 Rdg8 17. Bf1 Nd8 18. Rh6 Bg7 19. Rh1 Nf7 20. a4 b4 21. Na2 a5 22. Kb1 e5 23. dxe5 Nxe5 24. Nd4 Nc4 25. Qd1 Bxd4 26. exd4 Rg6 27. Nc1 Qd7 28.
b3 Nd6 29. Nd3 Ne4 30. Ne5 Nc3+ 31. Kc1 Nxd1 32. Nxd7 Kxd7 33. Kxd1 Bc8 34. Bd3 Kc6 35. Be5 Re8 36. Bb5+ Kb7 37. Bxe8 Re6 38. Bf7 Re7 39. Bxd5+ c6 40. Bf3 Be6 41. Rh6 Bd7 42. Kd2 1-0

[Event "Early-Titled-Tuesday-Blitz-February-06-2024"]
[Site "Chess.com"]
[Date "2024.02.06"]
[Round "9"]
[White "PavelShkapenko"]
[Black "PedroGil25"]
[Result "1-0"]
[WhiteElo "2751"]
[BlackElo "2420"]
[TimeControl "180+1"]
[EndTime "9:44:28 PST"]
[Termination "PavelShkapenko won by resignation"]

1. e4 c5 2. Nc3 e6 3. g3 a6 4. Bg2 b5 5. d3 Bb7 6. Nh3 Nc6 7.
O-O Nf6 8. f4 d5 9. e5 Nd7 10. a4 b4 11. Ne2 Be7 12. c4 dxc4 13. dxc4 O-O 14. Be3 Nb6 15. b3 Na5 16. Bxb7 Nxb7 17.
Qc2 Qc7 18. Nf2 Na5 19. Ne4 Rad8 20. g4 Nc6 21. Nxc5 Nd4 22. Nxd4 Bxc5 23. Rad1 Rd7 24. Bf2 Rfd8 25. Nf3 Bxf2+ 26. Kxf2 Qc5+ 27. Kg3 Qe3 28. Rxd7 Rxd7 29. Rd1 h6 30. a5 Qc3 31. Qxc3 bxc3 32. Rc1 Nc8 33. Rxc3 Ne7 34. b4 Nc6 35. b5 axb5 36.
cxb5 Nxa5 37. f5 Rb7 38. Nd4 Rd7 39. fxe6 fxe6 40. Nxe6 Rd5 41. Rc5 Rd3+ 42. Kf4 Rd2 43. Kf5 Nb3 44. Rc7 1-0

[Event "Early-Titled-Tuesday-Blitz-February-06-2024"]
[Site "Chess.com"]
[Date "2024.02.06"]
[Round "9"]
[White "Njal28"]
[Black "DarkAlekhine"]
[Result "0-1"]
[WhiteElo "3050"]
[BlackElo "2763"]
[TimeControl "180+1"]
[EndTime "9:44:29 PST"]
[Termination "DarkAlekhine won on time"]

1. d4 Nf6 2. c4 e6 3. Nc3 Bb4 4.
e3 O-O 5. a3 Bxc3+ 6. bxc3 b6 7.
Ne2 Nc6 8. Ng3 Ba6 9. e4 Na5 10. Bg5 h6 11. h4 d6 12. Qf3 Bxc4 13. Rd1 Bxf1 14. Kxf1 Nc4 15. Nh5 hxg5 16. hxg5 Nh7 17. Qh3 Re8 18. Nf6+ gxf6 19. Qxh7+ Kf8 20. g6 Qd7 21.
Rd3 d5 22. Rg3 Ke7 23. Qxf7+ Kd6 24. Qxf6 Nd2+ 25. Ke2 Nxe4 26. Qe5+ Kc6 27. Rh7 Nxg3+ 28. Qxg3 Qd6 29. Qd3 Re7 30. Rh5 Kb7 31. c4 dxc4 32.
Qe4+ Qc6 0-1

[Event "Early-Titled-Tuesday-Blitz-February-06-2024"]
[Site "Chess.com"]
[Date "2024.02.06"]
[Round "9"]
[White "xberli"]
[Black "angelgab3"]
[Result "0-1"]
[WhiteElo "2559"]
[BlackElo "2747"]
[TimeControl "180+1"]
[EndTime "9:44:29 PST"]
[Termination "angelgab3 won by resignation"]

1. d4 Nf6 2. c4 e6 3. Nc3 d5 4. Nf3 dxc4 5. e4 b5 6. e5 Nd5 7. Nxb5 Nb6 8. Be2 Be7 9. O-O Nc6 10. Be3 O-O 11. Qd2 Rb8 12. Nc3 Nb4 13. Rac1 Bb7 14. Rfd1 Qd7 15. a3 N4d5 16. Bg5 Nxc3 17. Rxc3 Bd5 18. h4 Na4 19. Rc2 Rxb2 20. Ra1 Rxc2 21. Qxc2 Nb6 22. a4 a5 23. Be3 Bc6 24. Bd1 Rb8 25. h5 h6 26. Nd2 Bd5 27. g4 Qc8 28.
Ne4 Nd7 29. f4 Qb7 30. Ng3 Qb3 31. Qf2 Qb2 32. Rc1 Qxf2+ 33. Kxf2 Rb2+ 34. Be2 Nb6 35. Kf1 Nxa4 36. Bxc4 Nb6 37. Bd3 c6 38. f5 Bh4 39.
Bf4 Rg2 40. Ne2 Rxg4 41. Be3 Bg2+ 42. Kg1 Be4+ 0-1

[Event "Early-Titled-Tuesday-Blitz-February-06-2024"]
[Site "Chess.com"]
[Date "2024.02.06"]
[Round "9"]
[White "HATilay"]
[Black "disciplinedbrat"]
[Result "0-1"]
[WhiteElo "2505"]
[BlackElo "2316"]
[TimeControl "180+1"]
[EndTime "9:44:29 PST"]
[Termination "disciplinedbrat won by resignation"]

1. d4 Nf6 2. c4 e6 3. Nc3 Bb4 4. e3 O-O 5. Bd3 d5 6. Nf3 dxc4 7. Bxc4 c5 8. a3 Bxc3+ 9. bxc3 Qc7 10. Be2 Nc6 11. O-O e5 12. dxe5 Nxe5 13. Nxe5 Qxe5 14.
Bb2 Be6 15. Qa4 a6 16. Rab1 b5 17. Qa5 c4 18. a4 Ng4 19. g3 Qh5 20. h4 g5 21. Qc7 gxh4 22. gxh4 Kh8 23. f3 Nxe3 24. Qf4 Nxf1 25. Qf6+ Kg8 26. Kxf1 Qg6 27. Qxg6+ hxg6 28. Kf2 bxa4 29. Ra1 Rfb8 30. Bc1 Rb3 31. Rxa4 Rxc3 32. Bg5 Kg7 33. Bf4 f6 34. Ra2 Rb3 35. Rc2 c3 36. Bc1 Bf5 37. Ra2 c2 38. Bc4 Rb1 39.
Be3 c1=Q 40. Bxc1 Rxc1 0-1

[Event "Early-Titled-Tuesday-Blitz-February-06-2024"]
[Site "Chess.com"]
[Date "2024.02.06"]
[Round "9"]
[White "yobdc"]
[Black "GelmanAlexander"]
[Result "0-1"]
[WhiteElo "2604"]
[BlackElo "2778"]
[TimeControl "180+1"]
[EndTime "9:44:30 PST"]
[Termination "GelmanAlexander won on time"]

1. c4 c5 2. g3 d6 3. Bg2 e6 4.
Nc3 Nf6 5. Nf3 Be7 6. O-O O-O 7. b3 a6 8. Bb2 Nbd7 9. e3 Qc7 10. d4 cxd4 11.
Nxd4 Ne5 12. Qe2 Bd7 13. Rac1 Rac8 14. Rfd1 Rfd8 15. h3 Qb8 16. a4 Qc7 17. f4 Ng6 18. Kh2 h5 19. Nf3 Qb6 20. Nd2 Bc6 21. e4 h4 22. f5 hxg3+ 23. Kxg3 Ne5 24. Kh2 Re8 25.
fxe6 fxe6 26. Rg1 d5 27. Nxd5 exd5 28. Bxe5 dxe4 29. Bxe4 Bd8 30. Bxf6 Bxf6 31. Rg4 Rcd8 32. Rcg1 Rxd2 33. Qxd2 Bxe4 34. h4 Be5+ 35. Kh3 Bf5 36. Qg5 Bxg4+ 37. Rxg4 Qf2 38. Re4 Qf3+ 0-1

[Event "Early-Titled-Tuesday-Blitz-February-06-2024"]
[Site "Chess.com"]
[Date "2024.02.06"]
[Round "9"]
[White "kpio91"]
[Black "Jospem"]
[Result "1-0"]
[WhiteElo "2879"]
[BlackElo "3046"]
[TimeControl "180+1"]
[EndTime "9:44:31 PST"]
[Termination "kpio91 won by checkmate"]

1. e4 c5 2. Nc3 a6 3. g3 d6 4. Bg2 Nc6 5. d3 g6 6. Nge2 Bg7 7. O-O Nf6 8. h3 O-O 9. Be3 Bd7 10. Qd2 b5 11. Bh6 Nd4 12. Bxg7 Kxg7 13. Nxd4 cxd4 14.
Ne2 e5 15. f4 Rc8 16. g4 h6 17.
Rf2 Bxg4 18. hxg4 Nxg4 19. Rf3 Qh4 20. Bh3 f5 21. c3 dxc3 22. bxc3 h5 23. Raf1 Rce8 24.
Qe1 Qxe1 25. Rxe1 fxe4 26. dxe4 Nf6 27. fxe5 Rxe5 28. Ref1 Nh7 29. Rxf8 Nxf8 30. Bg2 d5 31. Re1 dxe4 32. Nd4 Rc5 33. Re3 Rc4 34. Bxe4 b4 35. Bd5 Rc5 36. c4 Kh6 37. Re8 Nd7 38.
Ne6 Ra5 39. Rh8# 1-0

[Event "Early-Titled-Tuesday-Blitz-February-06-2024"]
[Site "Chess.com"]
[Date "2024.02.06"]
[Round "9"]
[White "KubaGepard"]
[Black "ccccvhhhj"]
[Result "0-1"]
[WhiteElo "2545"]
[BlackElo "2453"]
[TimeControl "180+1"]
[EndTime "9:44:31 PST"]
[Termination "ccccvhhhj won by resignation"]

1. e3 e5 2. c4 f5 3. Nc3 Nf6 4. d4 e4 5. Bd2 Be7 6. Nge2 O-O 7. h4 Kh8 8. Nf4 Bd6 9. Nce2 c5 10. b4 cxd4 11. exd4 Nc6 12. a3 Bxf4 13. Bxf4 d5 14. c5 a5 15. b5 Ne7 16. h5 Bd7 17. a4 Be8 18. Ng3 g5 19. hxg6 Bxg6 20. Qd2 Kg8 21.
Be5 Nd7 22. Bd6 f4 23. Bxf4 Nf6 24. Be2 Qd7 25. Be5 Nf5 26. Qh6 Nxh6 27. Rxh6 Qg7 28. Rh1 Qe7 29. Bd6 Qe6 30. O-O-O Rfd8 31. Be5 Nd7 32.
Bf4 Rf8 33. Be3 Rac8 34. Kb1 Qf7 35. Rh4 Nf6 36. Rdh1 b6 37. c6 Qe7 38. Bd2 Qa3 39. Bd1 e3+ 40. Bc2 Qb3+ 41. Ka1 Bxc2 0-1

[Event "Early-Titled-Tuesday-Blitz-February-06-2024"]
[Site "Chess.com"]
[Date "2024.02.06"]
[Round "9"]
[White "Adar_07"]
[Black "AryanTari"]
[Result "0-1"]
[WhiteElo "2721"]
[BlackElo "2935"]
[TimeControl "180+1"]
[EndTime "9:44:32 PST"]
[Termination "AryanTari won by checkmate"]

1. e4 c5 2. Nf3 d6 3. Bb5+ Bd7 4.
Bxd7+ Nxd7 5. O-O Ngf6 6. Qe2 e6 7. b3 Be7 8. Bb2 O-O 9. c4 a6 10. d4 cxd4 11. Nxd4 Rc8 12. Nd2 Re8 13. Rfd1 Bf8 14. Rac1 g6 15. N2f3 Nc5 16. e5 Nfd7 17. exd6 e5 18. Nc2 e4 19. Nfd4 Nd3 20. Rxd3 exd3 21.
Qxd3 Ne5 22. Qc3 Bxd6 23. Rd1 Qh4 24. Ne3 Bf8 25. Nf3 Nxf3+ 26. gxf3 f6 27. Ng4 Bg7 28. Rd7 Rc6 29. Rxb7 h5 30. Qd2 Rce6 31. Qd7 R6e7 32. Qd5+ Kh7 33. Rxe7 Rxe7 34. Ne3 Qf4 35. Kg2 f5 36.
Bxg7 Kxg7 37. Qd3 h4 38. Kh3 Qxf3+ 39. Kxh4 Re4+ 40. Kg5 Qf4# 0-1

[Event "Early-Titled-Tuesday-Blitz-February-06-2024"]
[Site "Chess.com"]
[Date "2024.02.06"]
[Round "9"]
[White "edgarhay012"]
[Black "Alen_Yeremyann"]
[Result "1-0"]
[WhiteElo "2555"]
[BlackElo "2715"]
[TimeControl "180+1"]
[EndTime "9:44:32 PST"]
[Termination "edgarhay012 won by resignation"]

1. e4 c5 2. Nc3 Nc6 3. Bb5 Nd4 4. Bc4 a6 5. Nge2 Nxe2 6. Qxe2 b5 7. Bxf7+ Kxf7 8.
Qh5+ g6 9. Qd5+ e6 10. Qxa8 Qc7 11. d4 cxd4 12. Nd5 Qxc2 13. O-O Bd6 14. Bf4 Bxf4 15. Nxf4 Ne7 16. Rac1 Qxb2 17. Qa7 Qd2 18. Qc7 Rf8 19. Rfd1 Qxa2 20. Nd3 Kg8 21. Qd6 Nc6 22. h4 Qe2 23. Qg3 Qxe4 24. Re1 Qf5 25. Rc5 Qf6 26. h5 Ne7 27. Rg5 Nf5 28. Qg4 Kg7 29.
hxg6 h6 30. Rh5 d6 31. Rc1 e5 32. Rc7+ Kg8 33. Rxc8 Rxc8 34. Rxf5 Qd8 35. Rf7 Qe8 36. Qf5 e4 37. Qf6 1-0

[Event "Early-Titled-Tuesday-Blitz-February-06-2024"]
[Site "Chess.com"]
[Date "2024.02.06"]
[Round "9"]
[White "tylityli"]
[Black "AccioChess"]
[Result "0-1"]
[WhiteElo "2243"]
[BlackElo "2397"]
[TimeControl "180+1"]
[EndTime "9:44:32 PST"]
[Termination "AccioChess won on time"]

1. d4 Nf6 2. c4 e6 3. Nc3 Bb4 4. e3 d5 5. cxd5 exd5 6. Bd3 c6 7. Nf3 O-O 8. Ne5 Nbd7 9. f4 Nxe5 10. dxe5 Ng4 11. O-O d4 12. Ne4 Qh4 13. h3 Nxe3 14. Bxe3 dxe3 15. Qf3 Ba5 16. Qxe3 Bb6 17. Nc5 Bxh3 18.
b4 Bg4 19. g3 Qh5 20. Rf2 Bxc5 21. bxc5 f5 22. exf6 Bf5 23. fxg7 Kxg7 24. Qd4+ Rf6 25.
Re1 Qg6 26. Bxf5 Qxf5 27. Re5 Qb1+ 28. Kg2 Raf8 29. Rg5+ Kh8 30. Re2 h6 31. Rh5 Kh7 32.
Rhe5 Kg6 33. Re7 R8f7 0-1

[Event "Early-Titled-Tuesday-Blitz-February-06-2024"]
[Site "Chess.com"]
[Date "2024.02.06"]
[Round "9"]
[White "Flawless_Fighter"]
[Black "tusplingher"]
[Result "1-0"]
[WhiteElo "2717"]
[BlackElo "2451"]
[TimeControl "180+1"]
[EndTime "9:44:34 PST"]
[Termination "Flawless_Fighter won by resignation"]

1. e4 c5 2. Nf3 d6 3. d4 cxd4 4. Nxd4 Nf6 5. Nc3 a6 6. Be2 e5 7.
Nb3 Be7 8. O-O O-O 9. Be3 Be6 10. Qd2 Nbd7 11. Rfd1 Rc8 12. f3 Nb6 13. a4 Nc4 14.
Bxc4 Bxc4 15. Qf2 Qc7 16. Bb6 Qb8 17. a5 Bd8 18. Na4 d5 19. Nbc5 dxe4 20. fxe4 Bb5 21.
Bxd8 Rcxd8 22. Nb6 Bc6 23. Qf5 Rxd1+ 24. Rxd1 Rd8 25. Rd3 h6 26. h3 Rxd3 27. cxd3 Qd6 28. Qf2 Bb5 29. Qe3 Qc6 30. b4 Ne8 31. Kh2 Nc7 32. Qg3 f6 33. Qg4 Ne8 34. h4 Kf7 35.
h5 Ke7 36. Qg6 Kf8 37. Qf5 Ke7 38. Nd5+ Kf8 39. Ne6+ Kg8 40. Ne7+ Kf7 41. Nxc6 Bxc6 42. Nd8+ Ke7 43. Nxc6+ 1-0

[Event "Early-Titled-Tuesday-Blitz-February-06-2024"]
[Site "Chess.com"]
[Date "2024.02.06"]
[Round "9"]
[White "Willhaven3"]
[Black "malakismayil"]
[Result "1-0"]
[WhiteElo "2627"]
[BlackElo "2506"]
[TimeControl "180+1"]
[EndTime "9:44:35 PST"]
[Termination "Willhaven3 won on time"]

1. d4 d5 2. Nf3 Nf6 3. c4 e6 4. Nc3 Be7 5. cxd5 exd5 6. Bf4 O-O 7. e3 c6 8. Qc2 Bg4 9. Bd3 Nbd7 10. Ne5 Bh5 11. O-O Bg6 12. Rab1 Rc8 13. b4 Bxd3 14. Qxd3 Nxe5 15. Bxe5 Nd7 16. Bg3 a6 17. a4 Nb6 18.
b5 cxb5 19. axb5 a5 20. Rfc1 Qd7 21. Be5 Rc4 22. Ne2 Rfc8 23. Rd1 a4 24. e4 a3 25. exd5 Nxd5 26. b6 Qc6 27. h3 f6 28. Bf4 Qa4 29. Re1 a2 30. Ra1 Nb4 31. Qe4 Bf8 32. Qxb7 Nc2 33.
Qd5+ Kh8 34. b7 Nxe1 35. Rxe1 1-0

[Event "Early-Titled-Tuesday-Blitz-February-06-2024"]
[Site "Chess.com"]
[Date "2024.02.06"]
[Round "9"]
[White "mortngabriel"]
[Black "DarZay"]
[Result "1-0"]
[WhiteElo "2517"]
[BlackElo "2288"]
[TimeControl "180+1"]
[EndTime "9:44:35 PST"]
[Termination "mortngabriel won by checkmate"]

1. e4 c5 2. Nc3 g6 3. d4 b6 4.
Be3 d6 5. Nf3 Bg7 6. Bb5+ Bd7 7.
a4 Nc6 8. d5 Ne5 9. Nxe5 Bxe5 10. O-O Bxb5 11. axb5 Bg7 12. f4 e5 13. dxe6 fxe6 14. Qf3 Ne7 15. Qh3 Qd7 16. Rad1 O-O 17. Rd2 Rad8 18. Rfd1 Bxc3 19. bxc3 d5 20. c4 d4 21. c3 Rf6 22. cxd4 Qc7 23. e5 Rf5 24. d5 exd5 25. cxd5 Qd7 26. d6 Nc8 27. g4 Rff8 28. Qf3 Qxb5 29. e6 Nxd6 30. Rxd6 Rxd6 31. Rxd6 Qb1+ 32. Kg2 Qb2+ 33. Rd2 Qf6 34. f5 gxf5 35. gxf5 Qxf5 36. Qxf5 Rxf5 37. Rd8+ Kg7 38. e7 Re5 39. e8=Q Rxe8 40. Rxe8 Kf7 41. Ra8 a5 42. Bxc5 bxc5 43.
Rxa5 Kg6 44. Rb5 Kh6 45. Rxc5 Kg6 46. Kg3 h6 47. Kg4 Kf6 48. h4 Kg6 49. h5+ Kh7 50.
Rc6 Kg7 51. Kf5 Kh7 52. Rc7+ Kh8 53. Kf6 Kg8 54. Rd7 Kh8 55. Kg6 Kg8 56. Rd8# 1-0

[Event "Early-Titled-Tuesday-Blitz-February-06-2024"]
[Site "Chess.com"]
[Date "2024.02.06"]
[Round "9"]
[White "ClaudiaSof"]
[Black "Barath1308"]
[Result "1-0"]
[WhiteElo "2284"]
[BlackElo "2376"]
[TimeControl "180+1"]
[EndTime "9:44:35 PST"]
[Termination "ClaudiaSof won by resignation"]

1. d4 Nf6 2. Bf4 g6 3. e3 Bg7 4.
Nc3 O-O 5. h4 d6 6. h5 Nxh5 7.
Rxh5 gxh5 8. Qxh5 e6 9. Bd3 f5 10. Nf3 Qe8 11. Qh2 Qg6 12. O-O-O a6 13. Rh1 Nd7 14.
e4 Nf6 15. exf5 exf5 16. Bc4+ Kh8 17. Nh4 Qh5 18. Qg3 Ng4 19. f3 Bxd4 20. fxg4 fxg4 21. Qd3 Rxf4 22. Ng6+ Kg7 23. Rxh5 hxg6 24. Rh1 Bf5 25. Qe2 Bf6 26. Nd5 Re4 27. Qf1 Bg5+ 28. Kb1 c6 29. Nc3 Re7 30. Bd3 Rf8 31. Bxf5 Rxf5 32. Qd1 d5 33. Qxg4 Bf6 34. a3 Rg5 35. Qf3 Rf5 36.
Qd3 Rf2 37. Rf1 Rxg2 38. Qf3 Bxc3 39. bxc3 Ree2 40. Qf6+ Kh6 41. Rh1+ Rh2 42. Rxh2+ Rxh2 43. Qf4+ 1-0

[Event "Early-Titled-Tuesday-Blitz-February-06-2024"]
[Site "Chess.com"]
[Date "2024.02.06"]
[Round "9"]
[White "Akewjon"]
[Black "mitrabhaa"]
[Result "0-1"]
[WhiteElo "2771"]
[BlackElo "2919"]
[TimeControl "180+1"]
[EndTime "9:44:37 PST"]
[Termination "mitrabhaa won on time"]

1. d4 Nf6 2. c4 e6 3. Nc3 Bb4 4. Qc2 O-O 5. a3 Bxc3+ 6. Qxc3 b6 7. Bg5 Bb7 8. f3 h6 9. Bh4 d5 10. cxd5 exd5 11. e3 Nbd7 12. Bd3 Re8 13. Bf2 c5 14. Ne2 Rc8 15. O-O Nf8 16. Nf4 Qd7 17. Rad1 c4 18. Bc2 Bc6 19. Rd2 Ba4 20. Bb1 a5 21. Re1 Bc6 22. h3 Qd8 23. Ne2 b5 24. Ng3 Qb6 25. e4 b4 26. axb4 axb4 27. Qc1 Ba4 28. e5 N6d7 29.
Rde2 c3 30. bxc3 bxc3 31. Bc2 Bxc2 32. Rxc2 Qb4 33. Nf5 Rc6 34. Nd6 Ra8 35. Qf4 f6 36.
Qf5 fxe5 37. Qf7+ Kh8 38. Nf5 Rg6 39. dxe5 Nxe5 40. Rxe5 Qb1+ 41. Re1 Qxc2 42. Ne7 Rxg2+ 43. Kxg2 Qh7 44. Qxd5 Rb8 45. Rc1 c2 46. Rxc2 Ng6 47. Qd6 Nh4+ 48. Kg3 Re8 49. Kxh4 Qxc2 50. Kg3 Kh7 51.
Qd7 Rf8 52. Qd5 Qc7+ 0-1

[Event "Early-Titled-Tuesday-Blitz-February-06-2024"]
[Site "Chess.com"]
[Date "2024.02.06"]
[Round "9"]
[White "azikom"]
[Black "Gravity_Chess"]
[Result "1-0"]
[WhiteElo "2729"]
[BlackElo "2847"]
[TimeControl "180+1"]
[EndTime "9:44:37 PST"]
[Termination "azikom won by resignation"]

1. d4 Nf6 2. c4 g6 3. Nc3 Bg7 4. e4 d6 5. Bg5 h6 6. Be3 Ng4 7. Bc1 c5 8. d5 Bd4 9. Nh3 f5 10. exf5 Bxf5 11. Bd3 Qd7 12. O-O Na6 13. Nf4 g5 14. Bxf5 Qxf5 15. Ne6 Kf7 16. Nxd4 cxd4 17. Qxd4 Nc5 18. h3 Nf6 19. Be3 Rac8 20. b3 h5 21. f3 a6 22. Rad1 Ncd7 23. Ne4 Rhg8 24. Ng3 Qg6 25.
Qd3 Qxd3 26. Rxd3 b5 27. cxb5 axb5 28. Rd2 g4 29. fxg4 hxg4 30. h4 Rc3 31. Nf5 Rh8 32.
Bg5 g3 33. Re2 Ne5 34. Nxd6+ exd6 35. Bxf6 Nf3+ 36. Rxf3 Rc1+ 37. Rf1 Rxf1+ 38. Kxf1 Kxf6 39. Re4 Kf5 40. Rb4 Re8 41. Rxb5 Re3 42. Rb8 Kg4 43. Rg8+ Kf5 44. h5 1-0

[Event "Early-Titled-Tuesday-Blitz-February-06-2024"]
[Site "Chess.com"]
[Date "2024.02.06"]
[Round "9"]
[White "Mesa_1"]
[Black "Zurability"]
[Result "1-0"]
[WhiteElo "2581"]
[BlackElo "2735"]
[TimeControl "180+1"]
[EndTime "9:44:38 PST"]
[Termination "Mesa_1 won on time"]

1. e4 c5 2. Nf3 d6 3. Bb5+ Bd7 4. Bxd7+ Qxd7 5. O-O Nf6 6. Qe2 Nc6 7. c3 e6 8. d4 cxd4 9. cxd4 d5 10. e5 Ne4 11. Be3 Be7 12. Ne1 h6 13. f3 Ng5 14.
Nd2 O-O 15. Nd3 Rac8 16. a3 f6 17. h4 Nf7 18. f4 fxe5 19. fxe5 Bxh4 20. Nf4 Nh8 21. Nf3 Bd8 22. Rf2 Bb6 23. Nd3 Rf7 24. b4 Rcf8 25. Raf1 Ng6 26. Qc2 Rf5 27. g4 Rxf3 28.
Rxf3 Rxf3 29. Rxf3 Bxd4 30. Nc5 Bxc5 31. Bxc5 Ncxe5 32. Rf2 d4 33. Qe4 d3 34. Bd4 Nc6 35. Bc3 Nh4 36.
Rd2 Qf7 37. Rxd3 e5 38. Be1 Qe6 39. Bxh4 1-0

[Event "Early-Titled-Tuesday-Blitz-February-06-2024"]
[Site "Chess.com"]
[Date "2024.02.06"]
[Round "9"]
[White "IngOscarArdila"]
[Black "Quattroporte300"]
[Result "0-1"]
[WhiteElo "2215"]
[BlackElo "2384"]
[TimeControl "180+1"]
[EndTime "9:44:39 PST"]
[Termination "Quattroporte300 won on time"]

1. d4 d5 2. c4 dxc4 3. Qa4+ Nc6 4. Nf3 Bd7 5. Qxc4 Nf6 6. Nc3 e6 7. Bg5 Be7 8. e3 O-O 9. Be2 h6 10. Bh4 Na5 11. Qd3 c5 12. O-O Rc8 13. Rfd1 c4 14. Qc2 b5 15. Ne5 b4 16. Ne4 Nd5 17. Nxd7 Qxd7 18.
Bxe7 Qxe7 19. Qa4 Nb7 20. Rac1 f5 21. Nc5 Nxc5 22. dxc5 c3 23. Bc4 cxb2 24. Rb1 Nc3 25. Qb3 Rxc5 26. Bxe6+ Kh8 27. Rd7 Nxb1 28. Qxb2 Qf6 29.
Qxb1 Qxe6 30. Rd4 Rfc8 31. Rd1 Qc6 32. h3 Rc1 33. Qb3 Rxd1+ 34. Qxd1 Qc1 35. Qf1 Qxf1+ 36. Kxf1 Rc2 37. g3 Rxa2 38. Kg2 b3 39. Kf3 b2 40. Kf4 b1=Q 41. g4 a5 42. h4 Qe4+ 43. Kg3 Qxg4+ 44. Kh2 a4 45. h5 a3 0-1

[Event "Early-Titled-Tuesday-Blitz-February-06-2024"]
[Site "Chess.com"]
[Date "2024.02.06"]
[Round "9"]
[White "Salem-AR"]
[Black "youngKID"]
[Result "1-0"]
[WhiteElo "2945"]
[BlackElo "2816"]
[TimeControl "180+1"]
[EndTime "9:44:40 PST"]
[Termination "Salem-AR won by resignation"]

1. Nf3 Nf6 2. g3 g6 3. Bg2 Bg7 4. d4 O-O 5. c4 c5 6. dxc5 Qa5+ 7. Nfd2 Qxc5 8. Nc3 d6 9. O-O Nc6 10. b3 d5 11. Bb2 d4 12. Nce4 Nxe4 13. Nxe4 Qh5 14.
Qd2 Rd8 15. Rad1 Bg4 16. f3 Bc8 17. g4 Qh4 18. Bc1 f5 19. gxf5 Bxf5 20. Ng3 Be6 21. f4 Rf8 22. Qd3 Bh6 23. Qe4 Rf6 24. f5 Qxe4 25.
Nxe4 Bxc1 26. Nxf6+ exf6 27. fxe6 Be3+ 28. Kh1 Kg7 29.
b4 Re8 30. b5 Nd8 31. c5 Nxe6 32. c6 bxc6 33. bxc6 Kf7 34. Rb1 Re7 35. Rb7 f5 36.
Rfb1 Kf6 37. Rxe7 Kxe7 38. Rb7+ 1-0

[Event "Early-Titled-Tuesday-Blitz-February-06-2024"]
[Site "Chess.com"]
[Date "2024.02.06"]
[Round "9"]
[White "Sanyura"]
[Black "iJueles"]
[Result "1-0"]
[WhiteElo "2686"]
[BlackElo "2470"]
[TimeControl "180+1"]
[EndTime "9:44:40 PST"]
[Termination "Sanyura won by resignation"]

1. e4 c6 2. Nc3 d5 3. Nf3 dxe4 4. Nxe4 Nf6 5. Nxf6+ exf6 6. d4 Bd6 7. Be2 O-O 8. O-O Re8 9. Be3 Be6 10. Qd2 Nd7 11.
Rfe1 Nf8 12. Bf4 Qc7 13. Bxd6 Qxd6 14. h3 Rad8 15. Qa5 Qb8 16. c4 Ng6 17. Rad1 Nf4 18. Bf1 g6 19. Qc3 b5 20. d5 b4 21. Qxf6 cxd5 22. Ne5 Nh5 23. Qf3 dxc4 24. Rxd8 Qxd8 25. Nc6 Qb6 26. Bxc4 Ng7 27. Bxe6 Rxe6 28. Ne7+ Kf8 29.
Rxe6 Nxe6 30. Nd5 Qd4 31. b3 Qa1+ 32. Kh2 Qe5+ 33. g3 Qd4 34. Nf6 Kg7 35. Ne8+ Kf8 36. Nf6 Kg7 37. Ne4 a5 38. h4 h5 39. Qe2 Nc5 40. Ng5 Qf6 41. Kg1 Qa1+ 42. Kg2 Qf6 43. Qc4 Qe5 44. Qxf7+ 1-0

[Event "Early-Titled-Tuesday-Blitz-February-06-2024"]
[Site "Chess.com"]
[Date "2024.02.06"]
[Round "9"]
[White "DonMicheleCorleone"]
[Black "aghasiyevkamal"]
[Result "0-1"]
[WhiteElo "2452"]
[BlackElo "2661"]
[TimeControl "180+1"]
[EndTime "9:44:40 PST"]
[Termination "aghasiyevkamal won by resignation"]

1. e4 e5 2. Nf3 Nc6 3. Bc4 Bc5 4. c3 Nf6 5. d4 exd4 6. cxd4 Bb4+ 7. Nc3 Nxe4 8. O-O Bxc3 9. bxc3 d5 10. Ba3 dxc4 11. Re1 Be6 12. Rxe4 Qd5 13. Qe2 O-O-O 14. Ne5 Bf5 15.
Re3 f6 16. Nxc6 Qxc6 17. Re7 Rhe8 18. Re1 Bg6 19. Qe6+ Qxe6 20. R1xe6 b6 21. Rxe8 Rxe8 22. Rxe8+ Bxe8 23. Bf8 g6 24. Be7 f5 25. Kf1 Kd7 26.
Bf8 Kc6 27. Ke2 Kb5 28. Ke3 Ka4 29. d5 c5 30. dxc6 Bxc6 31. Kd4 Bxg2 32. Kxc4 b5+ 33. Kd4 Bf1 34. a3 Kb3 35. Bc5 a6 36. Bb4 Kc2 37.
f4 Kd2 38. c4+ Kc2 39. c5 Bg2 40. Ke5 Kb3 41. Kd6 Ka4 42. c6 a5 43. Bc5 b4 44.
axb4 axb4 45. c7 Bb7 46. Kd7 b3 47. Bd4 g5 48. fxg5 f4 49. h4 f3 50. h5 f2 51.
Bxf2 b2 52. g6 0-1

[Event "Early-Titled-Tuesday-Blitz-February-06-2024"]
[Site "Chess.com"]
[Date "2024.02.06"]
[Round "9"]
[White "Leonid_Starozhilov"]
[Black "Zhigalko_Sergei"]
[Result "0-1"]
[WhiteElo "2722"]
[BlackElo "2942"]
[TimeControl "180+1"]
[EndTime "9:44:41 PST"]
[Termination "Zhigalko_Sergei won by resignation"]

1. e4 c5 2. Nf3 Nc6 3. Bb5 Nf6 4. Bxc6 dxc6 5. d3 Bg4 6. h3 Bh5 7. Nbd2 Qc7 8. a4 Nd7 9. Nc4 b5 10. axb5 cxb5 11. Ne3 e6 12. b3 Bd6 13. Bb2 f6 14. g4 Bf7 15. h4 O-O 16. h5 h6 17.
Rg1 Rfd8 18. Qe2 a5 19. Kf1 Bf4 20. Kg2 Nf8 21. Ra2 Nh7 22. Rga1 Be8 23. Bc3 a4 24. bxa4 b4 25. Bd2 Nf8 26. a5 Ra6 27. Nc4 Bxd2 28. Nfxd2 e5 29. Nf1 Ne6 30. Qe3 Bf7 31. Ng3 Nf4+ 32.
Kh2 Bxc4 33. dxc4 Rd4 34. c3 Rd3 35. Qe1 Qd7 36. Nf5 Rh3+ 37. Kg1 Qd3 38. Ne3 Qxe4 0-1

[Event "Early-Titled-Tuesday-Blitz-February-06-2024"]
[Site "Chess.com"]
[Date "2024.02.06"]
[Round "9"]
[White "hmatyi07"]
[Black "kekic76"]
[Result "1/2-1/2"]
[WhiteElo "2212"]
[BlackElo "2358"]
[TimeControl "180+1"]
[EndTime "9:44:42 PST"]
[Termination "Game drawn by repetition"]

1. e4 c5 2. Nf3 e6 3. d4 cxd4 4.
Nxd4 Nf6 5. Nc3 Nc6 6. Ndb5 Bb4 7.
a3 Bxc3+ 8. Nxc3 d5 9. exd5 exd5 10. Bd3 Be6 11. O-O O-O 12. Bg5 h6 13. Bh4 Ne5 14. h3 Rc8 15. Re1 Nxd3 16. Qxd3 g5 17.
Bg3 Qb6 18. Be5 Qd8 19. Rad1 Rc6 20. Qd4 Nd7 21. Nxd5 Nxe5 22. Qxe5 Bxd5 23. Rxd5 Qc7 24. Qxc7 Rxc7 25. c3 Kg7 26. f3 Rfc8 27. Kf2 b6 28.
Red1 Rc6 29. Rd7 R8c7 30. R1d4 Kf6 31. Ke3 Rxd7 32. Rxd7 a5 33. Kd3 h5 34. c4 h4 35. b4 axb4 36. axb4 Ke6 37. Rd4 Rc7 38. b5 Ra7 39. Re4+ Kf5 40. Re2 Rd7+ 41. Kc3 Rc7 42. Kb4 Kf4 43. Kc3 f5 44. Kd3 Rd7+ 45. Kc3 Rc7 46. Re6 Kg3 47. Re2 Kf4 1/2-1/2

[Event "Early-Titled-Tuesday-Blitz-February-06-2024"]
[Site "Chess.com"]
[Date "2024.02.06"]
[Round "9"]
[White "boguszp"]
[Black "Irina_Mikhaylova"]
[Result "1/2-1/2"]
[WhiteElo "2114"]
[BlackElo "2304"]
[TimeControl "180+1"]
[EndTime "9:44:42 PST"]
[Termination "Game drawn by repetition"]

1. d4 Nf6 2. Bf4 g6 3. Nc3 Bg7 4. e4 d6 5. Qd2 Nc6 6. O-O-O O-O 7. Bh6 e5 8. d5 Ne7 9. h4 Bxh6 10. Qxh6 Ng4 11.
Qd2 h5 12. f3 Nf6 13. Be2 Kg7 14. Nh3 Bxh3 15. Rxh3 c6 16. dxc6 Nxc6 17. Qxd6 Qa5 18. Nd5 Nxd5 19. Qxd5 Qb6 20. Qb3 Qc5 21. g4 Nd4 22.
Qd3 Rac8 23. c3 Ne6 24. Qd2 Nf4 25. Rh2 Rfd8 26. Qxd8 Rxd8 27. Rxd8 Qe3+ 28. Kc2 Nxe2 29. Rd2 Nd4+ 30. cxd4 exd4 31. Rhf2 d3+ 32. Kc3 hxg4 33.
fxg4 Qxe4 34. Rxd3 Qxg4 35. Rff3 Qxh4 36. b3 Qe4 37.
Rfe3 Qf5 38. a4 a5 39. Rd4 Qf6 40. Kd3 Qf5+ 41. Kc3 Qf6 42. Kd3 Qb6 43. Kc3 Qf6 1/2-1/2